AoeStats
← Kaiser Ze

Four Lakes

509086993Analyzed
1v1 RM · 7d ago on Sep 25, 2026· 25m 51s· 2 players
Game mode
Random Map
Map size
Tiny (2 player)
Population
200
Speed
Normal
Resources
Standard
Victory
Conquest
Starting age
Dark Age
Ending age
Imperial Age
RankedLock teamsTeams togetherTeam positionsShared explorationLock speedFull tech treeHidden civsTurbo modeCheats
Victory
Defeat
🇩🇪 Varangians · Germany
1229
+16
🇨🇳 Japanese · China
1223
-16
Kaiser Ze
6:25 Loom
10:05 Feudal Age
16:07 Castle Age
14:32 Fletching
15:42 Gold Mining
15:39 Double-Bit Axe
16:02 Padded Archer Armor
17:18 Husbandry
22:54 Leather Archer Armor
23:59 Sanctity
24:30 Bloodlines
Neo2025
11:06 Feudal Age
9:23 Loom
16:10 Castle Age
14:55 Fishing Lines
16:03 Bloodlines
17:10 Scale Barding Armor
17:16 Forging
25:02 Light Cavalry
Connection lost

Rejoining the realm…

Still unreachable

The connection could not be restored.

Session expired

The server has moved on; the page needs a fresh start.